 Dungeon Crawl Stone Soup version 0.30-a0-368-g86fb4627a9 (webtiles) character file.

Game seed: 12285910536369386119

99 holysushi the Magician (level 5, -2/38 HPs)
             Began as a Djinni Ice Elementalist on Nov 20, 2022.
             Killed from afar by Natasha (8 damage)
             ... with a magic dart
             ... on level 2 of the Dungeon.
             The game lasted 00:04:49 (2398 turns).

holysushi the Magician (Djinni Ice Elementalist)    Turns: 2398, Time: 00:04:50

Health: -2/38      AC:  3    Str:  7    XL:     5   Next: 2%
Gold:   74         EV: 13    Int: 17    God:
                   SH:  0    Dex: 15

rFire   + + .      SeeInvis .    f - +0 dagger
rCold   x . .      Faith    .    (no shield)
rNeg    . . .      Spirit   .    a - +0 robe
rPois   ∞          Reflect  .    (no helmet)
rElec   .          Harm     .    (no cloak)
rCorr   .          Rampage  .    g - +0 pair of gloves
Will    .....                    (boots unavailable)
Stlth   ++........               (no amulet)
HPRegen 0.26/turn                (no ring)
MPRegen 0.00/turn                (no ring)

@: mighty, flying, hasted and slowed
A: sickness immunity, fire resistance 2, cold vulnerability 1, float, innate
caster, HP casting, extra vitality 1
a: no special abilities


You were on level 2 of the Dungeon.
You visited 1 branch of the dungeon, and saw 2 of its levels.

You collected 74 gold pieces.

Inventory:

Hand Weapons
 f - a +0 dagger (weapon)
Armour
 a - a +0 robe (worn)
 g - a +0 pair of gloves (worn)
Scrolls
 b - 2 scrolls of torment
 d - a scroll of magic mapping {unknown}
Potions
 c - 2 potions of haste
 h - a potion of curing {unknown}


   Skills:
 - Level 2.0 Fighting
 + Level 3.4 Dodging
 - Level 2.0 Stealth
 + Level 3.7 Spellcasting


You couldn't memorise any spells.
You knew the following spells:

 Your Spells              Type           Power      Damage    Failure   Level
a - Freeze                Ice            64%        1d7       3%          1
b - Frozen Ramparts       Ice            32%        1d5       11%         3
c - Ozocubu's Armour      Ice            16%        N/A       11%         3
d - Summon Ice Beast      Ice/Summ       16%        N/A       34%         4
e - Slow                  Hex            64%        N/A       3%          1
f - Ensorcelled Hibernat  Hex/Ice        32%        N/A       5%          2
Your spell library was empty.

Dungeon Overview and Level Annotations

Branches:
Dungeon (2/15) Zot: 9597

Altars:

Shops:
D:2 :

Annotations:
D:2 Natasha


Innate Abilities, Weirdness & Mutations

You are immune to sickness and miasma.
You are immune to poison.
Your flesh is very heat resistant. (rF++)
You are vulnerable to cold. (rC-)
You float through the air rather than walking.
You learn spells naturally, not from books.
Your magical power is your life essence.
You have superior vitality. (+4 MHP)


Message History

Natasha casts a spell.
You aren't carrying any items that you can evoke.
Unknown command.
Casting: Frozen Ramparts (dangerous; 11% risk of failure)
Confirm with . or Enter, or press ? or * to list all spells.
Okay, then.
Casting: Frozen Ramparts (dangerous; 11% risk of failure)
Confirm with . or Enter, or press ? or * to list all spells.
You miscast Ozocubu's Armour.
You are very lightly contaminated with residual magic.
Your hands feel numb with cold!
You feel a terrible chill!
Natasha stares at you and mumbles some strange words.
You feel yourself slow down.
Natasha stares at you and mumbles some strange words.
The magic dart hits you!
Natasha stares at you and mumbles some strange words.
You feel as though you will be slow longer.
Your frozen ramparts will break if you move.
Continue? [Y]es or [N]o only, please.
Your frozen ramparts will break if you move.
Continue?
The frozen ramparts melt away as you move.
Natasha casts a spell at you. The magic dart hits you.
* * * LOW HITPOINT WARNING * * *
Natasha howls an incantation.
Natasha's front paws start to glow.
Casting: Ozocubu's Armour (dangerous; 11% risk of failure)
Confirm with . or Enter, or press ? or * to list all spells.
Okay, then.
It was a potion of haste.
You feel yourself speed up. Natasha casts a spell at you.
The magic dart hits you.
* * * LOW HITPOINT WARNING * * *
Natasha mewls in sadness.
Your magical contamination has completely faded away.
It was a potion of might.
You feel very mighty all of a sudden. Natasha casts a spell at you.
The magic dart hits you!
You die...

## ##...# *.......,,,,, .# #..###
*.......,,,,, .# #####.##
*∩..8..♣,,∩,, .# #.....#
*.......,,,,, .####.#####
##.......,,,,, ###...#
#....∩5..,,∩,, #...###
#.#*,,***,**,*
>.##################.##.###.,,,,*
.#..............@h.5........,****
.#.#######################..,*
.#.# *<,,,,***,,,**** .#.#
*****,,††,,,,,,, .#.#
*,,****,***, .#.#####
*,,**,,,,,*, .#.....#
*,,,,,*,*,*, ######.#
*,*****,*,,, #......#
*,*****,****


You could see an iron imp (summoned) and Natasha.

Vanquished Creatures
  Natasha (twice) (D:2)
  An adder (D:2)
  A dart slug (D:1)
  2 bats
  An endoplasm (D:1)
  2 giant cockroaches
  4 hobgoblins
  8 jackals
  3 kobolds
  2 quokkas
  6 goblins
  3 rats
35 creatures vanquished.

Vanquished Creatures (others)
  A bat (D:1)
1 creature vanquished.

Grand Total: 36 creatures vanquished

Notes
Turn   | Place    | Note
-------+----------+-------------------------------------------
     0 | D:1      | holysushi the Djinni Ice Elementalist began the quest for
                  | the Orb.
     0 | D:1      | holysushi set off with the following spells memorised:
                  | Freeze, Frozen Ramparts, Ozocubu's Armour, Summon Ice
                  | Beast.
     0 | D:1      | Reached XP level 1. HP: 15/15 MP: 0/0
   295 | D:1      | Reached XP level 2. HP: 19/21 MP: 0/0
   766 | D:1      | Reached XP level 3. HP: 19/26 MP: 0/0
   766 | D:1      | Learned a level 1 spell: Slow
  1113 | D:2      | Reached skill level 1 in Fighting
  1258 | D:2      | Found a faded altar of an unknown god.
  1801 | D:2      | Reached XP level 4. HP: 32/32 MP: 0/0
  1913 | D:2      | Found Toylu Cot's Vocational Training.
  1916 | D:2      | Noticed Natasha
  1923 | D:2      | Killed Natasha
  2047 | D:2      | Found Toylu Cot's Vocational Training.
  2204 | D:2      | Noticed Natasha
  2216 | D:2      | Killed Natasha
  2217 | D:2      | Reached XP level 5. HP: 18/38 MP: 0/0
  2217 | D:2      | Learned a level 2 spell: Ensorcelled Hibernation
  2387 | D:2      | Found a faded altar of an unknown god.
  2387 | D:2      | Noticed Natasha
  2398 | D:2      | Killed from afar by Natasha

Illustrated notes

Levels and vault maps discovered:
D:1:      shiori_arrival_elements, layout_basic, minmay_parallelograms
D:2:      layout_basic, hellmonk_ecumenical_altar_arch_garden,
          nicolae_shop_vocational, uniq_natasha

Skill      XL: |  1  2  3  4 |
---------------+-------------+-----
Stealth        | 2 |  2.0
Fighting       | 1 2 |  2.0
Dodging        | 3 |  3.4
Spellcasting   | |  3.7

Action                   |  1- 3 |  4- 6 || total
-------------------------+-------+-------++-------
Melee: Unarmed           |     5 |       ||     5
       Dagger            |    79 |    10 ||    89
 Cast: Freeze            |    38 |     9 ||    47
       Frozen Ramparts   |       |     2 ||     2
  Use: Scroll            |     3 |       ||     3
       Potion            |       |     2 ||     2
 Stab: Sleeping          |     4 |       ||     4
Armor: Robe              |    25 |     2 ||    27
Dodge: Dodged            |    89 |    10 ||    99

Table legend: (Time is in decaauts)
 A = Elapsed time spent in this place.
 B = Non-inter-level travel time spent in this place.
 C = Inter-level travel time spent in this place.
 D = Time resting spent in this place.
 E = Time spent auto-exploring this place.
 F = Levels seen in this place.
 G = Mean time per level.
                   A        B        C        D        E       F      G
               +--------+--------+--------+--------+--------+-----+--------+
         Total |   2402 |   2252 |    150 |    213 |   1610 |   2 | 1201.0 |
       Dungeon |   2402 |   2252 |    150 |    213 |   1610 |   2 | 1201.0 |
               +--------+--------+--------+--------+--------+-----+--------+

Top non-repeatable levels by time:
     D:1: 1231 daAuts
     D:2: 1170 daAuts
